AoeStats
← jusart.92

MegaRandom

510632683Analyzed
4v4 RM · 17h ago on Oct 1, 2026· 26m 18s· 8 players
Game mode
Random Map
Map size
Large (8 player)
Population
200
Speed
Normal
Resources
Standard
Victory
Conquest
Starting age
Dark Age
Ending age
Imperial Age
RankedLock teamsTeams togetherTeam positionsShared explorationLock speedFull tech treeHidden civsTurbo modeCheats
Victory
Defeat
🇨🇱 Dravidians · Chile
1287
+14
🇪🇸 Cumans · Spain
1267
+14
🇨🇱 Byzantines · Chile
1259
+15
🇨🇱 Huns · Chile
1233
+16
🇲🇽 Varangians · Mexico
1239
-15
🇺🇸 Magyars · United States
1237
-15
🇨🇦 Lithuanians · Canada
1235
-15
🇨🇦 Celts · Canada
1211
-14
Zangytangy
5:59 Loom
7:52 Loom
11:20 Feudal Age
18:14 Double-Bit Axe
19:59 Fletching
24:03 Castle Age
24:34 Crossbowman
S.enpaii
7:08 Loom
10:01 Feudal Age
10:27 Double-Bit Axe
10:24 Horse Collar
20:54 Castle Age
19:42 Bloodlines
20:14 Scale Barding Armor
21:00 Light Cavalry
mark4u.24
5:10 Loom
10:10 Feudal Age
11:18 Double-Bit Axe
19:45 Man-at-Arms
23:50 Castle Age
22:55 Gold Mining
jusart.92
Zikane
9:33 Feudal Age
8:39 Loom
18:05 Scale Barding Armor
18:11 Forging
18:15 Bloodlines
20:34 Wheelbarrow
25:22 Castle Age
24:57 Gold Mining
25:22 Horse Collar
25:24 Light Cavalry
26:28 Chain Barding Armor
26:45 Iron Casting
Diegote
6:50 Loom
9:42 Feudal Age
10:50 Double-Bit Axe
14:28 Fletching
18:55 Padded Archer Armor
24:05 Castle Age
22:30 Gold Mining
24:55 Thumb Ring
24:42 Crossbowman
26:21 Bodkin Arrow
Ponz
7:37 Loom
9:35 Feudal Age
10:28 Double-Bit Axe
10:24 Horse Collar
12:05 Forging
15:20 Scale Barding Armor
18:55 Bloodlines
22:52 Castle Age
22:54 Light Cavalry
24:10 Iron Casting
23:42 Husbandry
23:51 Heavy Plow
24:35 Chain Barding Armor
25:33 Wheelbarrow
Titan
11:00 Feudal Age
10:20 Loom
16:15 Castle Age
15:21 Double-Bit Axe
19:47 Scale Mail Armor
22:37 Arson
23:48 Horse Collar
24:39 Squires
25:48 Chain Mail Armor
25:51 Forging
Connection lost

Rejoining the realm…

Still unreachable

The connection could not be restored.

Session expired

The server has moved on; the page needs a fresh start.